BR
PLYMOUTH COCKS @ WASHINGTON DC HOT SAUCE
08/06/2026
 
TOP OF THE 1ST
Plymouth Cocks batting - Pitching for Washington DC Hot Sauce : LHP Doug Ledoux
Pitching: LHP Doug Ledoux
Batting: RHB Chase Wilkerson 0-0: SINGLE (Groundball, 56)
Batting: RHB Jake Erickson 0-0: Foul Ball, location: 2F
0-1: Called Strike
0-2: Strikes out swinging
Batting: RHB Tomás Díaz 0-0: Fly out, F6 (Popup, 6M)
Batting: RHB Kelly Graham 0-0: Called Strike
0-1: Swinging Strike
0-2: Ball
1-2: Strikes out swinging
Top of the 1st over - 0 run(s), 1 hit(s), 0 error(s), 1 left on base; Plymouth 0 - Washington DC 0
BOTTOM OF THE 1ST
Washington DC Hot Sauce batting - Pitching for Plymouth Cocks : RHP Ron Moore
Pitching: RHP Ron Moore
Batting: RHB Javier González 0-0: Called Strike
0-1: Called Strike
0-2: Foul Ball, location: 2F
0-2: Ground out 6-3 (Groundball, 6)
Batting: LHB John White 0-0: Foul Ball, location: 2F
0-1: Ball
1-1: Fly out, F6 (Popup, 6)
Batting: RHB Júlio García 0-0: Ball
1-0: Foul Ball, location: 2F
1-1: Swinging Strike
1-2: Foul Ball, location: 2F
1-2: Fly out, F3 (Popup, 23)
Bottom of the 1st over - 0 run(s), 0 hit(s), 0 error(s), 0 left on base; Plymouth 0 - Washington DC 0
TOP OF THE 2ND
Plymouth Cocks batting - Pitching for Washington DC Hot Sauce : LHP Doug Ledoux
Batting: LHB José Guzmán 0-0: Called Strike
0-1: Reached on error, E6 (Groundball, 6)
Batting: RHB Chris Hall 0-0: Fly out, F8 (Flyball, 8LM)
Batting: RHB Dan Duckworth 0-0: Swinging Strike
0-1: Ball
1-1: Called Strike
José Guzmán steals 3rd base
1-2: Strikes out swinging
Batting: RHB Brian Jackson 0-0: SINGLE (Groundball, 6MD)
José Guzmán scores
Batting: LHB Will Elliott 0-0: Ball
1-0: Ball
2-0: SINGLE (Line Drive, 34)
Brian Jackson to second
Batting: RHB Chase Wilkerson 0-0: Called Strike
0-1: DOUBLE (Flyball, 89D)
Brian Jackson scores
Will Elliott to third
Runner from 3rd tries for Home, SAFE, no throw or cutoff
Batting: RHB Jake Erickson 0-0: Ball
1-0: Ball
2-0: Called Strike
2-1: Foul Ball, location: 2F
2-2: Foul Ball, location: 2F
2-2: SINGLE (Groundball, 6MD)
Chase Wilkerson to third
Runner from 3rd tries for Home, SAFE, no throw or cutoff
Batting: RHB Tomás Díaz 0-0: Ball
Jake Erickson is caught stealing 2nd base
Top of the 2nd over - 4 run(s), 4 hit(s), 1 error(s), 0 left on base; Plymouth 4 - Washington DC 0
BOTTOM OF THE 2ND
Washington DC Hot Sauce batting - Pitching for Plymouth Cocks : RHP Ron Moore
Batting: LHB Arturo Silva 0-0: Foul Ball, location: 2F
0-1: Ball
1-1: SINGLE (Groundball, 34D)
Batting: RHB Jesús Ramírez 0-0: Ball
1-0: Ball
2-0: SINGLE (Groundball, 56D)
Arturo Silva to second
Batting: LHB Esteban Zamora 0-0: Ball
1-0: Reached on error, E5 (Groundball, 56)
Arturo Silva to third
Jesús Ramírez to second
Batting: RHB Matt O'Rourke 0-0: Swinging Strike
0-1: Called Strike
0-2: Foul Ball, location: 2F
0-2: Strikes out swinging
Batting: LHB Roderick Delgado 0-0: Called Strike
0-1: Ball
1-1: Swinging Strike
1-2: Fly out, F8 (Flyball, 78XD)
Runner from 3rd tags up, SCORES, no throw
Batting: RHB Jake Reeves 0-0: Called Strike
0-1: Hit by Pitch
Jesús Ramírez to third
Esteban Zamora to second
Batting: RHB Javier González 0-0: Fly out, F3 (Popup, 3L)
Bottom of the 2nd over - 1 run(s), 2 hit(s), 1 error(s), 3 left on base; Plymouth 4 - Washington DC 1
TOP OF THE 3RD
Plymouth Cocks batting - Pitching for Washington DC Hot Sauce : LHP Doug Ledoux
Batting: RHB Tomás Díaz 0-0: Foul Ball, location: 2F
0-1: Foul Ball, location: 2F
0-2: Foul Ball, location: 2F
0-2: Ball
1-2: Reached on error, E6 (Groundball, 6)
Batting: RHB Kelly Graham 0-0: Ball
1-0: Called Strike
1-1: Called Strike
1-2: Foul Ball, location: 2F
1-2: Ball
2-2: Ball
3-2: Base on Balls
Batting: LHB José Guzmán 0-0: Ball
1-0: Ball
2-0: Foul Ball, location: 2F
2-1: Called Strike
2-2: Fly out, F7 (Line Drive, 78M)
Batting: RHB Chris Hall 0-0: Ball
1-0: Ball
2-0: Fly out, F7 (Flyball, 78S)
Batting: RHB Dan Duckworth 0-0: Called Strike
0-1: Foul Ball, location: 2F
0-2: Strikes out swinging
Top of the 3rd over - 0 run(s), 0 hit(s), 1 error(s), 2 left on base; Plymouth 4 - Washington DC 1
BOTTOM OF THE 3RD
Washington DC Hot Sauce batting - Pitching for Plymouth Cocks : RHP Ron Moore
Batting: LHB John White 0-0: Ball
1-0: Ball
2-0: Ground out 4-3 (Groundball, 4M)
Batting: RHB Júlio García 0-0: Ball
1-0: Called Strike
1-1: Ball
2-1: Called Strike
2-2: Foul Ball, location: 2F
2-2: Strikes out swinging
Batting: LHB Arturo Silva 0-0: Ground out 1-3 (Groundball, 13S)
Bottom of the 3rd over - 0 run(s), 0 hit(s), 0 error(s), 0 left on base; Plymouth 4 - Washington DC 1
TOP OF THE 4TH
Plymouth Cocks batting - Pitching for Washington DC Hot Sauce : LHP Doug Ledoux
Batting: RHB Brian Jackson 0-0: DOUBLE (Line Drive, 9LM)
Batting: LHB Will Elliott 0-0: Called Strike
0-1: Ball
1-1: Fly out, F9 (Flyball, 89M)
Batting: RHB Chase Wilkerson 0-0: Called Strike
Brian Jackson steals 3rd base
0-1: Ground out 5-3 (Groundball, 56S)
Brian Jackson scores
Batting: RHB Jake Erickson 0-0: Called Strike
0-1: Ground out 5-3 (Groundball, 5)
Top of the 4th over - 1 run(s), 1 hit(s), 0 error(s), 0 left on base; Plymouth 5 - Washington DC 1
BOTTOM OF THE 4TH
Washington DC Hot Sauce batting - Pitching for Plymouth Cocks : RHP Ron Moore
Batting: RHB Jesús Ramírez 0-0: Ball
1-0: Ball
2-0: Called Strike
2-1: DOUBLE (Line Drive, 5D)
Batting: LHB Esteban Zamora 0-0: Ball
1-0: Ball
2-0: Ball
3-0: Called Strike
3-1: Swinging Strike
3-2: Strikes out swinging
Batting: RHB Matt O'Rourke 0-0: Ball
1-0: Ground out 6-3 (Groundball, 6)
Batting: LHB Roderick Delgado 0-0: Ball
1-0: Foul Ball, location: 2F
1-1: Ball
2-1: SINGLE (Flyball, 9S)
Jesús Ramírez to third
Runner from 3rd tries for Home, SAFE, no throw or cutoff
Batting: RHB Jake Reeves 0-0: Called Strike
Roderick Delgado steals 2nd base
0-1: Ball
1-1: Foul Ball, location: 2F
1-2: 2-RUN HOME RUN (Flyball, 7LD), Distance : 366 ft
Batting: RHB Javier González 0-0: Called Strike
0-1: Ground out 5-3 (Groundball, 5)
Bottom of the 4th over - 3 run(s), 3 hit(s), 0 error(s), 0 left on base; Plymouth 5 - Washington DC 4
TOP OF THE 5TH
Plymouth Cocks batting - Pitching for Washington DC Hot Sauce : LHP Doug Ledoux
Batting: RHB Tomás Díaz 0-0: Called Strike
0-1: SINGLE (Line Drive, 34D)
Batting: RHB Kelly Graham 0-0: Ball
1-0: Called Strike
1-1: Called Strike
1-2: Ball
2-2: Ball
Error on foul ball, E5
3-2: DOUBLE (Line Drive, 7LD)
Tomás Díaz to third
Runner from 3rd tries for Home, SAFE, no throw or cutoff
Batting: LHB José Guzmán 0-0: Called Strike
0-1: Ball
1-1: Swinging Strike
1-2: Foul Ball, location: 2F
1-2: Strikes out swinging
Batting: RHB Chris Hall 0-0: Ball
Kelly Graham steals 3rd base
1-0: Ball
2-0: Foul Ball, location: 2F
2-1: Foul Ball, location: 2F
2-2: Ball
3-2: Foul Ball, location: 2F
3-2: Foul Ball, location: 2F
3-2: Base on Balls
Pitching: RHP Millard Finch
Batting: RHB Dan Duckworth 0-0: Ball
1-0: SINGLE (Line Drive, 56D)
Kelly Graham scores
Chris Hall to second
Batting: RHB Brian Jackson 0-0: Ball
Chris Hall steals 3rd base
Dan Duckworth to second
1-0: Fly out, F9 (Flyball, 89S)
Runner from 3rd tags up, SCORES, throw made
Batting: LHB Will Elliott 0-0: Ball
1-0: Ball
2-0: SINGLE (Groundball, 4MD)
Dan Duckworth to third
Runner from 3rd tries for Home, SAFE, no throw or cutoff
Batting: RHB Chase Wilkerson 0-0: SINGLE (Groundball, 56)
Will Elliott to second
Batting: RHB Jake Erickson 0-0: Called Strike
0-1: Ball
1-1: Fielders Choice at 2nd, U6 (Groundball, 6M)
Top of the 5th over - 4 run(s), 5 hit(s), 1 error(s), 2 left on base; Plymouth 9 - Washington DC 4
BOTTOM OF THE 5TH
Washington DC Hot Sauce batting - Pitching for Plymouth Cocks : RHP Ron Moore
Batting: LHB John White 0-0: Ball
1-0: Ball
2-0: Ball
3-0: Base on Balls
Batting: RHB Júlio García 0-0: Ball
1-0: Ball
2-0: Ball
3-0: Base on Balls
John White to second
Batting: LHB Arturo Silva 0-0: Ball
1-0: Ball
2-0: Foul Ball, location: 2F
2-1: Called Strike
2-2: Strikes out swinging
Batting: RHB Jesús Ramírez 0-0: Ball
1-0: Fly out, F8 (Flyball, 8RM)
Batting: LHB Esteban Zamora 0-0: Swinging Strike
0-1: Fielders Choice at 2nd, U6 (Groundball, 6M)
Bottom of the 5th over - 0 run(s), 0 hit(s), 0 error(s), 2 left on base; Plymouth 9 - Washington DC 4
TOP OF THE 6TH
Plymouth Cocks batting - Pitching for Washington DC Hot Sauce : RHP Millard Finch
Batting: RHB Tomás Díaz 0-0: Fly out, F8 (Line Drive, 8LM)
Batting: RHB Kelly Graham 0-0: Called Strike
0-1: Ground out 5-3 (Groundball, 15S)
Batting: LHB José Guzmán 0-0: Ball
1-0: Hit by Pitch
Batting: RHB Chris Hall 0-0: Ball
1-0: Called Strike
José Guzmán steals 2nd base
1-1: Ground out 6-3 (Groundball, 6)
Top of the 6th over - 0 run(s), 0 hit(s), 0 error(s), 1 left on base; Plymouth 9 - Washington DC 4
BOTTOM OF THE 6TH
Washington DC Hot Sauce batting - Pitching for Plymouth Cocks : RHP Ron Moore
Pitching: RHP Dan Mitchell
Batting: RHB Matt O'Rourke 0-0: Ball
1-0: Swinging Strike
1-1: Ball
2-1: Foul Ball, location: 2F
2-2: Ball
3-2: Base on Balls
Batting: LHB Roderick Delgado 0-0: Foul Ball, location: 2F
0-1: Ball
1-1: Ball
2-1: Grounds out, U3 (Groundball, 3L)
Batting: RHB Jake Reeves 0-0: Foul Ball, location: 2F
0-1: SINGLE (Line Drive, 6MD)
Matt O'Rourke to third
Batting: RHB Javier González 0-0: Called Strike
0-1: Ball
1-1: Foul Ball, location: 2F
1-2: Foul Ball, location: 2F
1-2: Foul Ball, location: 2F
1-2: Fly out, F8 (Flyball, 8RM)
Runner from 3rd tags up, SCORES, no throw
Batting: LHB John White 0-0: Foul Ball, location: 2F
0-1: Foul Ball, location: 2F
0-2: Foul Ball, location: 2F
0-2: Ball
1-2: Ball
2-2: Ball
3-2: SINGLE (Groundball, 4)
Jake Reeves to second
Jake Reeves to third
Batting: RHB Júlio García 0-0: Called Strike
0-1: Ball
1-1: Ball
2-1: Called Strike
2-2: Ball
Wild Pitch!
Jake Reeves scores
John White to second
3-2: SINGLE (Line Drive, 7LS)
John White to third
John White scores
Batting: LHB Arturo Silva 0-0: Ball
1-0: Ball
2-0: Called Strike
2-1: Ball
3-1: Base on Balls
Júlio García to second
Batting: RHB Jesús Ramírez 0-0: Ball
1-0: Ball
2-0: Swinging Strike
2-1: Foul Ball, location: 2F
2-2: SINGLE (Line Drive, 8LS)
Júlio García to third
Arturo Silva to second
Batting: LHB Esteban Zamora 0-0: Ball
1-0: Ball
2-0: Ground out U3 (Groundball, 3S)
Bottom of the 6th over - 3 run(s), 4 hit(s), 0 error(s), 3 left on base; Plymouth 9 - Washington DC 7
TOP OF THE 7TH
Plymouth Cocks batting - Pitching for Washington DC Hot Sauce : RHP Millard Finch
Batting: RHB Dan Duckworth 0-0: Ball
1-0: Called Strike
1-1: Ball
2-1: Ball
3-1: Fly out, F9 (Flyball, 89M)
Pitching: LHP Bartolo Medine
Batting: RHB Brian Jackson 0-0: Called Strike
0-1: Foul Ball, location: 2F
0-2: Strikes out swinging
Batting: LHB Will Elliott 0-0: Swinging Strike
0-1: Swinging Strike
0-2: Strikes out swinging
Top of the 7th over - 0 run(s), 0 hit(s), 0 error(s), 0 left on base; Plymouth 9 - Washington DC 7
BOTTOM OF THE 7TH
Washington DC Hot Sauce batting - Pitching for Plymouth Cocks : RHP Dan Mitchell
Batting: RHB Matt O'Rourke 0-0: Ball
1-0: Ball
2-0: Called Strike
2-1: Called Strike
2-2: TRIPLE (Flyball, 89M)
Batting: LHB Roderick Delgado 0-0: Foul Ball, location: 2F
0-1: Foul Ball, location: 2F
0-2: Foul Ball, location: 2F
0-2: Foul Ball, location: 2F
0-2: Ball
1-2: Strikes out swinging
Batting: RHB Jake Reeves 0-0: Ball
1-0: Ball
2-0: Ball
3-0: Called Strike
3-1: Ground out 6-3 (Groundball, 6)
Batting: RHB Javier González 0-0: TRIPLE (Line Drive, 8LM)
Matt O'Rourke scores
Pitching: LHP Lonnie Cole
Batting: LHB John White 0-0: Ball
1-0: Fly out, F3 (Popup, 3F)
Bottom of the 7th over - 1 run(s), 2 hit(s), 0 error(s), 1 left on base; Plymouth 9 - Washington DC 8
TOP OF THE 8TH
Plymouth Cocks batting - Pitching for Washington DC Hot Sauce : LHP Bartolo Medine
Batting: RHB Chase Wilkerson 0-0: Foul Ball, location: 2F
0-1: Fly out, F7 (Flyball, 7M)
Batting: RHB Jake Erickson 0-0: Called Strike
0-1: SINGLE (Groundball, 6M)
Batting: RHB Tomás Díaz 0-0: Ball
Jake Erickson is caught stealing 2nd base
1-0: Called Strike
1-1: Swinging Strike
1-2: Strikes out swinging
Top of the 8th over - 0 run(s), 1 hit(s), 0 error(s), 0 left on base; Plymouth 9 - Washington DC 8
BOTTOM OF THE 8TH
Washington DC Hot Sauce batting - Pitching for Plymouth Cocks : LHP Lonnie Cole
Pitching: RHP Rich Wiggins
Batting: RHB Júlio García 0-0: Ball
1-0: Ball
2-0: DOUBLE (Line Drive, 8LD)
Pitching: LHP Edwin Parker
Batting: LHB Arturo Silva 0-0: Foul Ball, location: 2F
0-1: Foul Ball, location: 2F
0-2: Ball
1-2: Strikes out swinging
Pitching: RHP Gerardo Camacho
Batting: RHB Jesús Ramírez 0-0: Called Strike
0-1: Ball
1-1: Ball
2-1: Fly out, F9 (Flyball, 9S)
Batting: LHB Esteban Zamora 0-0: Called Strike
0-1: Ground out 4-3 (Groundball, 34)
Bottom of the 8th over - 0 run(s), 1 hit(s), 0 error(s), 1 left on base; Plymouth 9 - Washington DC 8
TOP OF THE 9TH
Plymouth Cocks batting - Pitching for Washington DC Hot Sauce : LHP Bartolo Medine
Batting: RHB Kelly Graham 0-0: Foul Ball, location: 2F
0-1: Foul Ball, location: 2F
0-2: Ball
1-2: Foul Ball, location: 2F
1-2: Ground out 4-3 (Groundball, 4)
Batting: LHB José Guzmán 0-0: DOUBLE (Groundball, 3L)
Batting: RHB Chris Hall 0-0: Intentional Walk
Pinch Hitting: RHB Cipriano Baca 0-0: Ball
1-0: Ball
2-0: Ball
3-0: Base on Balls
José Guzmán to third
Chris Hall to second
Pinch Hitting: RHB Gary Wyatt 0-0: Called Strike
0-1: Ball
1-1: Fly out, F4 (Popup, 4)
Batting: LHB Will Elliott 0-0: Foul Ball, location: 2F
0-1: SINGLE (Groundball, 3D)
José Guzmán scores
Chris Hall to third
Cipriano Baca to second
Runner from 3rd tries for Home, SAFE, no throw or cutoff
Batting: RHB Chase Wilkerson 0-0: Ball
1-0: Foul Ball, location: 2F
1-1: Called Strike
1-2: SINGLE (Line Drive, 78M)
Cipriano Baca to third
Will Elliott to second
Runner from 3rd tries for Home, SAFE, no throw or cutoff
Pitching: RHP Carlos Flores
Batting: RHB Jake Erickson 0-0: Fly out, F7 (Flyball, 7D)
Top of the 9th over - 3 run(s), 3 hit(s), 0 error(s), 2 left on base; Plymouth 12 - Washington DC 8
BOTTOM OF THE 9TH
Washington DC Hot Sauce batting - Pitching for Plymouth Cocks : RHP Gerardo Camacho
Pitching: LHP John Dyer
Now at 1B: Phil Hacker
Now at 2B: Cipriano Baca
Batting: RHB Matt O'Rourke 0-0: Ball
1-0: Called Strike
1-1: Ball
2-1: Ball
3-1: Base on Balls
Batting: LHB Roderick Delgado Pickoff Throw to First - Error! E1
Matt O'Rourke to second
0-0: Ball
1-0: Ball
2-0: Ball
3-0: Called Strike
3-1: Base on Balls
Batting: RHB Jake Reeves 0-0: Ball
1-0: Swinging Strike
1-1: SINGLE (Groundball, 56D)
Matt O'Rourke to third
Roderick Delgado to second
Batting: RHB Javier González 0-0: Called Strike
0-1: Ground out 4-3 (Groundball, 4M)
Matt O'Rourke scores
Roderick Delgado to third
Jake Reeves to second
Batting: LHB John White 0-0: Called Strike
0-1: Ball
1-1: SINGLE (Line Drive, 8LS)
Roderick Delgado scores
Jake Reeves to third
Batting: RHB Júlio García 0-0: Fly out, F9 (Flyball, 9LM)
Pinch Hitting: RHB Juan López 0-0: Ball
1-0: Foul Ball, location: 2F
1-1: Ball
Balk!
Jake Reeves scores
John White to second
2-1: Foul Ball, location: 2F
2-2: Ball
3-2: Strikes out swinging
Bottom of the 9th over - 3 run(s), 2 hit(s), 1 error(s), 1 left on base; Plymouth 12 - Washington DC 11
Monday, December 5th, 2016 - OOTP Baseball 17.12 Build 75